 Dungeon Crawl Stone Soup version 0.19.5 (webtiles) character file.

179 devil0150 the Magician (level 5, 0/32 HPs)
             Began as a High Elf Wizard on Apr 14, 2017.
             Slain by Grinder (10 damage)
             ... while paralysed by Grinder
             ... on level 4 of the Dungeon.
             The game lasted 00:15:41 (5318 turns).

devil0150 the Magician (High Elf Wizard)            Turns: 5318, Time: 00:15:43

Health: 0/32       AC:  4    Str:  6    XL:     5   Next: 32%
Magic:  8/14       EV:  2    Int: 22    God:
Gold:   195        SH:  0    Dex: 14    Spells: 5 memorised, 4 levels left

rFire  . . .     SeeInvis +     i - +0 dagger
rCold  . . .     Gourm    .     a - +2 robe
rNeg   + . .     Faith    .     (no shield)
rPois  .         Spirit   .     b - +0 hat
rElec  .         Reflect  .     (no cloak)
rCorr  .         Harm     .     (no gloves)
MR     .....                    (no boots)
Stlth  ++........               (no amulet)
                                h - ring of see invisible
                                n - ring of positive energy

@: paralysed
A: no striking features
a: no special abilities


You were on level 4 of the Dungeon.
You were not hungry.

You visited 1 branch of the dungeon, and saw 4 of its levels.

You collected 195 gold pieces.

Inventory:

Hand Weapons
 i - a +0 dagger (weapon)
Missiles
 j - 2 tomahawks (quivered)
 q - 4 tomahawks of returning
 t - 2 exploding tomahawks
Armour
 a - a +2 robe (worn)
 b - a +0 hat (worn)
Jewellery
 h - a ring of see invisible (right hand)
 n - a ring of positive energy (left hand)
Potions
 e - 2 potions of brilliance
 f - a potion of heal wounds {unknown}
 g - a potion of curing {unknown}
 k - 2 potions of lignification {unknown}
 l - a potion of flight {unknown}
 m - a potion of magic {unknown}
 o - a potion of mutation {unknown}
Books
 c - a book of Minor Magic

   Spells                             Type                      Level
   a - Magic Dart                     Conjuration                  1
   b - Blink                          Translocation                2
   c - Call Imp                       Summoning                    2
   d - Repel Missiles                 Charms/Air                   2
   e - Slow                           Hexes                        2
   f - Conjure Flame                  Conjuration/Fire             3
   g - Mephitic Cloud                 Conjuration/Poison/Air       3
Comestibles
 d - a bread ration
 p - a slice of pizza
 r - a chunk of flesh
 s - 3 fruits


   Skills:
 + Level 0.6 Fighting
 + Level 0.2 Short Blades
 + Level 2.5 Dodging
 + Level 2.8 Stealth
 + Level 5.7 Spellcasting
 + Level 2.6 Conjurations
 + Level 0.8 Summonings
 + Level 1.1 Translocations


You had 4 spell levels left.
You knew the following spells:

 Your Spells              Type           Power        Failure   Level  Hunger
a - Magic Dart            Conj           ###.         3%          1    None
b - Blink                 Tloc           N/A          10%         2    None
c - Mephitic Cloud        Conj/Pois/Air  ##......     21%         3    ##.....
d - Call Imp              Summ           ##......     12%         2    None
e - Conjure Flame         Conj/Fire      ##......     17%         3    ##.....


Dungeon Overview and Level Annotations

Branches:
Dungeon (4/15)
 Temple: D:4-7

Altars:
Ashenzari
Cheibriados
Okawaru
Xom
The Shining One

Annotations:
D:4 Grinder


Message History

Aim: Grinder (severely wounded)
The magic dart hits Grinder.
Grinder is severely wounded.
You closely miss Grinder.
Grinder is severely wounded.
You hear the slow rusting of a drain nearby.
Grinder hits you!
You hit Grinder but do no damage.
Grinder is severely wounded.
Grinder barely misses you.
You completely miss Grinder.
Grinder is severely wounded.
Grinder barely misses you.
You closely miss Grinder.
Grinder is severely wounded.
Grinder gestures at you.
You suddenly lose the ability to move!
Grinder hits you. Grinder hits you!
You die...

............#
...........#
#..........#
#...........
#..........
........
#.5.# #.@.#
#.### #.# #.#
#.# #.# #.#
#.# #.#


You could see Grinder.

Vanquished Creatures
  An orc wizard (D:3)
  3 gnolls
  3 adders
  An ooze (D:1)
  3 worms
  2 dart slugs (D:1)
  A leopard gecko (D:2)
  7 orcs (D:3)
  7 bats
  2 giant cockroaches
  9 goblins
  12 hobgoblins
  5 jackals
  7 kobolds
  A quokka (D:3)
  A ball python (D:2)
  4 frilled lizards
  4 rats
73 creatures vanquished.

Notes
Turn   | Place    | Note
-------+----------+-------------------------------------------
     0 | D:1      | devil0150 the High Elf Wizard began the quest for the Orb.
     0 | D:1      | Reached XP level 1. HP: 11/11 MP: 6/6
   196 | D:1      | Reached skill level 4 in Spellcasting
   304 | D:1      | Reached XP level 2. HP: 17/17 MP: 0/8
  1268 | D:2      | Found a shattered altar of Ashenzari.
  1747 | D:2      | Reached XP level 3. HP: 21/21 MP: 8/10
  1778 | D:2      | Found a shimmering altar of Xom.
  2444 | D:2      | Reached skill level 5 in Spellcasting
  2789 | D:1      | Reached XP level 4. HP: 8/27 MP: 3/12
  2999 | D:1      | Learned a level 2 spell: Blink
  3003 | D:1      | Learned a level 3 spell: Mephitic Cloud
  3006 | D:1      | Learned a level 2 spell: Call Imp
  3804 | D:3      | Found a faded altar of an unknown god.
  4397 | D:3      | Reached XP level 5. HP: 32/32 MP: 1/14
  4735 | D:3      | Learned a level 3 spell: Conjure Flame
  5093 | D:3      | Found a snail-covered altar of Cheibriados.
  5148 | D:3      | Found an iron altar of Okawaru.
  5148 | D:3      | Found a glowing golden altar of the Shining One.
  5279 | D:4      | Noticed Grinder
  5316 | D:4      | Paralysed by Grinder for 5 turns
  5318 | D:4      | Slain by Grinder

Skill      XL: |  1  2  3  4 |
---------------+-------------+-----
Spellcasting   | 4 5 |  5.7
Conjurations   | 2 |  2.6
Fighting       | |  0.6
Short Blades   | |  0.2
Dodging        | |  2.5
Stealth        | |  2.8
Summonings     | |  0.8
Translocations | |  1.1

Action                   |  1- 3 |  4- 6 || total
-------------------------+-------+-------++-------
Melee: Dagger            |    10 |    42 ||    52
 Cast: Magic Dart        |   140 |   135 ||   275
       Mephitic Cloud    |       |     1 ||     1
  Use: Scroll            |     6 |     4 ||    10
  Eat: Chunk             |     4 |     7 ||    11
       Royal jelly       |       |     1 ||     1
Armor: Robe              |    13 |    10 ||    23
Dodge: Dodged            |    64 |    40 ||   104
